 Dungeon Crawl Stone Soup version 0.31.0-2-g5a2aebc5c2 (webtiles) character file.

Game seed: 16567253840784326555

487 Arctor the Shooter (level 7, -2/41 HPs)
             Began as a Kobold Hexslinger on Jan 20, 2024.
             Slain by a gnoll
             ... wielding a +0 spear
             ... led by a gnoll bouda
              (5 damage)
             ... on level 5 of the Dungeon.
             The game lasted 00:04:22 (4516 turns).

Arctor the Shooter (Kobold Hexslinger)              Turns: 4516, Time: 00:04:23

Health: -2/41      AC:  6    Str:  5    XL:     7   Next: 36%
Magic:  11/11      EV: 15    Int: 15    God:
Gold:   379        SH:  0    Dex: 19    Spells: 12/12 levels left

rFire   . . .        q - +2 dagger (venom)
rCold   . . .        (no shield)
rNeg    . . .        e - +3 leather armour
rPois   .            (no helmet)
rElec   .            (no cloak)
rCorr   .            (no gloves)
SInv    .            (no boots)
Will    .....        (no amulet)
Stlth   ++           (no ring)
HPRegen 0.26/turn    (no ring)
MPRegen 0.12/turn

%: no passive effects
@: no status effects
A: small, no large weapons, nightstalker 3
a: no special abilities


You were on level 5 of the Dungeon.
You visited 1 branch of the dungeon, and saw 5 of its levels.

You collected 379 gold pieces.

Inventory:

Hand Weapons
 a - a +1 sling
 f - a +0 heavy sling
 k - a +2 dagger of draining
 q - a +2 dagger of venom (weapon)
Armour
 c - a +1 robe
 e - a +3 leather armour (worn)
Jewellery
 r - a ring of see invisible
Wands
 p - a wand of polymorph (8)
Scrolls
 b - a scroll of poison
 d - 2 scrolls of teleportation {unknown}
 g - a scroll of identify
 i - a scroll of enchant armour
 l - a scroll of vulnerability
 m - a scroll of fog {unknown}
 o - a scroll of amnesia {unknown}
 s - a scroll of revelation {unknown}
Potions
 h - a potion of heal wounds
 j - a potion of mutation {unknown}
 n - 3 potions of ambrosia {unknown}


   Skills:
 + Level 3.4 Fighting
 + Level 5.0 Ranged Weapons
 + Level 4.4 Dodging
 + Level 3.2 Spellcasting
 + Level 4.3 Hexes
 - Level 1.2 Fire Magic


You had 12 spell levels left.
You didn't know any spells.
Your spell library contained the following spells:

 Spells                   Type           Power      Damage    Failure   Level
 Jinxbite                 Hex            30%        N/A       9%          2
 Sigil of Binding         Hex            15%        N/A       16%         3
 Tukima's Dance           Hex            15%        N/A       16%         3
 Inner Flame              Hex/Fire       10%        N/A       30%         3
 Cause Fear               Hex            7%         N/A       47%         4
 Dimensional Bullseye     Hex/Tloc       4%         N/A       78%         4
 Passage of Golubria      Tloc           2%         N/A       97%         4
 Yara's Violent Unravell  Hex/Alch       4%         3d4       98%         5


Dungeon Overview and Level Annotations

Branches:
Dungeon (5/15)
 Temple: D:4-7

Altars:
Cheibriados
Makhleb
Ru
Xom
Yredelemnul

Shops:
D:1 :


Innate Abilities, Weirdness & Mutations

You are small and have problems with some larger weapons.
You are completely attuned to the shadows.


Message History

Items here: )) [ †.
Unknown command.
You hit the gnoll.
The gnoll is poisoned.
The gnoll is lightly wounded.
Your attacks no longer feel as feeble.
The gnoll hits you from afar with a +0 spear!
The gnoll barely misses you.
You closely miss the gnoll.
The gnoll is heavily wounded.
The gnoll completely misses you. The gnoll hits you with a +0 spear.
You barely miss the gnoll.
The gnoll is heavily wounded.
The gnoll barely misses you. The gnoll hits you with a +0 spear.
You barely miss the gnoll.
The gnoll is severely wounded.
The gnoll hits you from afar with a +0 spear.
The gnoll hits you with a +0 spear.
You are too injured to fight recklessly!
You are too injured to fight recklessly!
Unknown command.
The gnoll misses you.
Things that are here:
a +0 whip; a gnoll corpse You kill the gnoll!
Your Ranged Weapons skill increases to level 5!
The gnoll closely misses you.
You hit the gnoll.
The gnoll is lightly wounded.
The gnoll hits you with a +0 spear.
* * * LOW HITPOINT WARNING * * *
You barely miss the gnoll.
The gnoll is lightly wounded.
The gnoll hits you with a +0 spear.
* * * LOW HITPOINT WARNING * * *
The gnoll hits you from afar with a +0 spear.
* * * LOW HITPOINT WARNING * * *
The gnoll attacks as it pursues you! The gnoll barely misses you.
The gnoll attacks as it pursues you!
The gnoll hits you from afar with a +0 spear.
You die...

#.# #.#
#.# #.#
#.#######
#.......#
#######.#
####.###.
....@....
####.####
#g# #.#
#)# #)#
#)# #.#
#.#


You could see a gnoll (swift).

Vanquished Creatures
  A scorpion (D:3)
  2 bombardier beetles
  2 hounds (D:4)
  A gnoll bouda (D:5)
  Terence (D:3)
  An orc wizard (D:4)
  3 gnolls (D:5)
  8 adders
  A shadow imp (D:5)
  3 dart slugs
  4 ribbon worms
  3 orcs (D:4)
  4 ball pythons
  11 endoplasms
  4 giant cockroaches
  13 goblins
  9 hobgoblins
  12 jackals
  5 kobolds
  A quokka (D:5)
  8 bats
  2 frilled lizards
  6 rats
105 creatures vanquished.

Notes
Turn   | Place    | Note
-------+----------+-------------------------------------------
     0 | D:1      | Arctor the Kobold Hexslinger began the quest for the Orb.
     0 | D:1      | Reached XP level 1. HP: 12/12 MP: 2/2
    77 | D:1      | Found Qeprawn's Vocational Training.
   206 | D:1      | Reached XP level 2. HP: 16/16 MP: 3/3
   223 | D:1      | Reached skill level 3 in Ranged Weapons
   428 | D:1      | Reached XP level 3. HP: 20/20 MP: 5/5
  1154 | D:2      | Found a faded altar of an unknown god.
  1340 | D:2      | Reached XP level 4. HP: 26/26 MP: 6/6
  1624 | D:3      | Found a shimmering altar of Xom.
  2211 | D:3      | Reached XP level 5. HP: 17/30 MP: 8/8
  2373 | D:3      | Reached skill level 4 in Ranged Weapons
  2400 | D:3      | Reached XP level 6. HP: 36/36 MP: 9/9
  2440 | D:3      | Noticed Terence
  2451 | D:3      | Killed Terence
  2779 | D:4      | HP: 1/36 [something (1)]
  3216 | D:4      | Found a basalt altar of Yredelemnul.
  3219 | D:4      | Found a snail-covered altar of Cheibriados.
  3320 | D:4      | Found a burning altar of Makhleb.
  3320 | D:4      | Found a sacrificial altar of Ru.
  3877 | D:4      | Reached XP level 7. HP: 33/41 MP: 11/11
  4218 | D:5      | Entered Level 5 of the Dungeon
  4510 | D:5      | Reached skill level 5 in Ranged Weapons
  4514 | D:5      | HP: 2/41 [gnoll/+0 spear[a gnoll bouda] (4)]
  4516 | D:5      | Slain by a gnoll

Illustrated notes

Levels and vault maps discovered:
D:1:      dpeg_arrival_signposts, layout_rooms, nicolae_shop_vocational
D:2:      layout_basic, shapermc_ecumenical_altar_mp_vishouse
D:3:      cheibrodos_greedy_goblins, layout_basic,
          mainiacjoe_overflow_boulevard, serial_curves, eino_curves_04,
          eino_curves_02, mainiacjoe_sewer_entry_somewhere_in_here_1,
          uniq_terence
D:4:      layout_loops_ring, jmf_multi_god_temple,
          nicolae_overflow_two_pavilions
D:5:      layout_loops_ring, mainiacjoe_overflow_brackets

Skill      XL: |  1  2  3  4  5  6  7 |
---------------+----------------------+-----
Ranged Weapons | 3 4 5 |  5.0
Fighting       | 2 3 |  3.4
Dodging        | 3 4 |  4.4
Spellcasting   | 2 3 |  3.2
Hexes          | 4 |  4.3
Fire Magic     | |  1.2

Action                     |  1- 3 |  4- 6 |  7- 9 || total
---------------------------+-------+-------+-------++-------
  Melee: Dagger            |    32 |   176 |    59 ||   267
         Sling             |       |     2 |       ||     2
         Punch             |       |     1 |       ||     1
   Fire: Sling             |    42 |    15 |       ||    57
    Use: Scroll            |       |     2 |       ||     2
         Potion            |       |     4 |       ||     4
   Stab: Sleeping          |    10 |    14 |     3 ||    27
         Distracted        |     1 |       |       ||     1
 Armour: Robe              |    16 |    91 |       ||   107
         Leather armour    |       |       |    30 ||    30
  Dodge: Dodged            |    25 |   158 |    70 ||   253
